 Dungeon Crawl Stone Soup version 0.31.0-1-g2c135a0 (webtiles) character file.

Game seed: 2405945276133856704

338 Foodle the Ducker (level 6, 0/47 HPs)
             Began as a Merfolk Gladiator on Mar 16, 2024.
             Was a Plaything of Xom.
             Slain by Dowan
             ... wielding a +0 whip
              (2 damage)
             ... on level 4 of the Dungeon.
             The game lasted 00:39:08 (2993 turns).

Foodle the Ducker (Merfolk Gladiator)               Turns: 2993, Time: 00:39:11

Health: 0/47       AC: 11    Str: 16    XL:     6   Next: 55%
Magic:  6/6        EV:  6    Int:  8    God:    Xom [...*..]
Gold:   240        SH:  0    Dex: 15    Spells: 5/5 levels left

rFire   + . .        r - +0 long sword (vamp)
rCold   . . .        (no shield)
rNeg    . . .        u - +0 plate armour
rPois   .            c - +0 helmet
rElec   .            (no cloak)
rCorr   .            (no gloves)
SInv    .            (no boots)
Will    .....        (no amulet) Stlth
                     y - ring of flight
HPRegen 0.27/turn    n - ring of protection from fire
MPRegen 0.10/turn

%: no passive effects
@: flying
A: (nimble swimmer 2), mertail
a: Renounce Religion


You were on level 4 of the Dungeon.
You worshipped Xom.
You were a favourite toy of Xom.
You visited 1 branch of the dungeon, and saw 4 of its levels.

You collected 240 gold pieces.

Inventory:

Hand Weapons
 a - a +0 trident
 j - a +0 dagger
 o - a +0 trident
 r - a +0 vampiric long sword (weapon)
Missiles
 d - 3 throwing nets (quivered)
 e - a javelin
Armour
 b - a +0 leather armour
 c - a +0 helmet (worn)
 p - a +0 ring mail
 u - a +0 plate armour (worn)
Jewellery
 k - a ring of fire
 n - a ring of protection from fire (right hand)
 y - a ring of flight (left hand)
Scrolls
 f - a scroll of noise {unknown}
 h - 2 scrolls of butterflies {unknown}
 i - 2 scrolls of torment {unknown}
 q - a scroll of identify {unknown}
 v - a scroll of vulnerability {unknown}
 w - 2 scrolls of immolation {unknown}
Potions
 g - 2 potions of curing {unknown}
 l - a potion of invisibility {unknown}
 m - 2 potions of haste {unknown}
 s - a potion of berserk rage {unknown}
 t - 2 potions of ambrosia {unknown}
 x - a potion of cancellation {unknown}
 z - a potion of lignification {unknown}
 A - a potion of enlightenment {unknown}
 B - a potion of mutation {unknown}


   Skills:
 + Level 3.1 Fighting
 * Level 4.8 Long Blades
 - Level 5.2 Polearms
 - Level 2.1 Throwing
 + Level 1.1 Armour
 * Level 5.3 Dodging
 + Level 0.6 Stealth


You had 5 spell levels left.
You didn't know any spells.
Your spell library contained the following spells:

 Spells                   Type           Power      Damage    Failure   Level
 Ensorcelled Hibernation  Hex/Ice        0%         N/A       100%        2
 Lesser Beckoning         Tloc           0%         N/A       100%        2
 Gell's Gravitas          Tloc           0%         N/A       100%        3
 Passwall                 Erth           0%         N/A       100%        3
 Swiftness                Air            0%         N/A       100%        3
 Teleport Other           Tloc           0%         N/A       100%        3


Dungeon Overview and Level Annotations

Branches:
Dungeon (4/15)
 Temple: D:4-7

Altars:
Kikubaaqudgha
Wu Jian
Xom

Shops:
D:3 (

Annotations:
D:4 Dowan


Innate Abilities, Weirdness & Mutations

((You are very nimble when in or above water. (Stealth+, EV+, Speed+++)))
Your lower body shifts to a powerful aquatic tail in water.


Message History

You slash Duvessa!
You feel better.
Your punch misses Duvessa.
Duvessa is severely wounded.
Dowan hits you but does no damage. Duvessa hits you with a +0 rapier.
You hit Duvessa but do no damage.
Duvessa is severely wounded.
Dowan hits you but does no damage. Duvessa hits you with a +0 rapier.
You barely miss Duvessa.
Duvessa is severely wounded.
Dowan completely misses you. Duvessa barely misses you.
Dowan hits you but does no damage.
You hit Duvessa but do no damage.
Duvessa is severely wounded.
Duvessa hits you with a +0 rapier! Dowan hits you but does no damage.
You hit Duvessa but do no damage.
Duvessa is severely wounded.
Duvessa closely misses you.
Dowan says, "Magic and the sword, together, will defeat you."
Dowan hits you with a +0 whip.
* * * LOW HITPOINT WARNING * * *
You hit Duvessa.
Duvessa is severely wounded.
Duvessa hits you with a +0 rapier.
* * * LOW HITPOINT WARNING * * *
Dowan hits you with a +0 whip.
* * * LOW HITPOINT WARNING * * *
You hit Duvessa.
You feel better.
Duvessa is almost dead.
Duvessa hits you but does no damage. Dowan hits you but does no damage.
Duvessa hits you with a +0 rapier!
* * * LOW HITPOINT WARNING * * *
You hit Duvessa but do no damage.
Duvessa is almost dead.
Dowan hits you but does no damage. Duvessa hits you but does no damage.
You hit Duvessa.
You kill Duvessa!
Dowan screams, "No!
Oh no!"
Dowan seems to find hidden reserves of power!
Dowan hits you with a +0 whip.
You die...
Xom guffaws!

♣ ##♣.##.... .
.♣♣.♣♣.......#####. .......
♣.......#..
♣...♣.♣♣♣..###.#.#
♣......♣♣)..#..#.######
.♣♣♣♣...♣.♣♣♣#.##.......
....♣♣.)...♣♣#.##.......
♣.....♣♣.P.§♣♣.).†......
........♣)@§..###)######
##♣♣♣♣..♣...e♣♣§.## ...
#.♣.♣♣♣....§.♣§♣♣........
#...♣.....#§§e♣♣..##......!
#..♣)♣).......§#.# .......
#...).♣#...#.♣##.. .......
#####.♣♣.........♣# ##
....... #......♣♣.♣.._).PP#
#)##♣.♣♣..........#


You could see Dowan (fast).

Vanquished Creatures
  Duvessa (D:4)
  2 hounds (D:4)
  An iguana (D:4)
  4 orc wizards (D:4)
  2 gnolls (D:4)
  4 adders
  A dart slug (D:1)
  3 ribbon worms
  8 orcs
  5 bats
  5 endoplasms
  4 giant cockroaches
  8 goblins
  4 hobgoblins
  4 quokkas
  3 ball pythons
  A frilled lizard (D:3)
  7 kobolds
  7 rats
74 creatures vanquished.

Vanquished Creatures (others)
  An orc wizard (D:4)
1 creature vanquished.

Grand Total: 75 creatures vanquished

Notes
Turn   | Place    | Note
-------+----------+-------------------------------------------
     0 | D:1      | Foodle the Merfolk Gladiator began the quest for the Orb.
     0 | D:1      | Reached XP level 1. HP: 16/16 MP: 1/1
   548 | D:1      | Reached XP level 2. HP: 22/22 MP: 2/2
  1289 | D:2      | Reached XP level 3. HP: 28/28 MP: 3/3
  1653 | D:2      | Reached skill level 5 in Polearms
  1665 | D:2      | Found a shimmering altar of Xom.
  1676 | D:2      | Became a worshipper of Xom of Chaos
  1821 | D:2      | XOM: silly message
  2048 | D:3      | XOM: silly message
  2060 | D:3      | XOM: silly message
  2069 | D:3      | Reached XP level 4. HP: 32/34 MP: 4/4
  2071 | D:3      | XOM: silly message
  2153 | D:3      | XOM: silly message
  2211 | D:3      | Found Puduk's Weapon Shop.
  2290 | D:3      | Reached skill level 1 in Long Blades
  2394 | D:3      | Found an ancient bone altar of Kikubaaqudgha.
  2534 | D:3      | XOM: silly message
  2634 | D:4      | Reached XP level 5. HP: 27/39 MP: 5/5
  2781 | D:4      | Reached skill level 5 in Dodging
  2787 | D:4      | Found an ornate altar of the Wu Jian Council.
  2794 | D:4      | XOM: silly message
  2826 | D:4      | Reached skill level 1 in Armour
  2826 | D:4      | Reached XP level 6. HP: 45/47 MP: 6/6
  2954 | D:4      | Noticed Duvessa
  2977 | D:4      | Noticed Dowan
  2991 | D:4      | HP: 1/47 [Duvessa/+0 rapier (9)]
  2993 | D:4      | Killed Duvessa
  2993 | D:4      | Slain by Dowan

Illustrated notes

Levels and vault maps discovered:
D:1:      doesnt_arrival_eight_statues, layout_loops_corners
D:2:      layout_loops_corners, basic_altar
D:3:      layout_rooms, lemuel_coloured_pillars_altar, serial_shops,
          nicolae_shop_advertising_works [nicolae_subvault_shop_adworks],
          hangedman_feature_mirror
D:4:      wad_woods_stonehenge, layout_basic, corexii_leaking_fountain,
          minmay_strange_pillars, nicolae_elevator_lobby_asterisk, uniq_ijyb,
          uniq_duvessa

Skill      XL: |  1  2  3  4  5  6 |
---------------+-------------------+-----
Polearms       | 5 |  5.2
Long Blades    | 2 3 4 |  4.8
Dodging        | 5 |  5.3
Fighting       | 3 |  3.1
Armour         | 1 |  1.1
Throwing       | |  2.1
Stealth        | |  0.6

Action                     |  1- 3 |  4- 6 || total
---------------------------+-------+-------++-------
  Melee: Trident           |    91 |       ||    91
         Long sword        |    19 |   171 ||   190
         Punch             |       |     3 ||     3
   Stab: Sleeping          |     2 |       ||     2
 Armour: Leather armour    |    35 |       ||    35
         Ring mail         |    17 |    13 ||    30
         Plate armour      |       |   214 ||   214
  Dodge: Dodged            |    70 |    55 ||   125
